 Dungeon Crawl Stone Soup version 0.31-a0-157-g0643eb4156 (webtiles) character file.

Game seed: 16961371129710261039

439 qw the Chopper (level 7, -9/43 HPs)
             Began as a Gargoyle Fighter on June 12, 2023.
             Mangled by Blork the orc
             ... wielding a +0 halberd
              (16 damage)
             ... on level 4 of the Dungeon.
             The game lasted 00:01:32 (2547 turns).

qw the Chopper (Gargoyle Fighter)                   Turns: 2547, Time: 00:01:32

Health: -9/43      AC:  0    Str: 21    XL:     7   Next: 1%
Magic:  7/7        EV: 18    Int:  9    God:
Gold:   146        SH:  5    Dex: 14    Spells: 6/6 levels left

rFire   . . .        e - melded +2 broad axe (vamp)
rCold   . . .        c - melded +0 buckler
rNeg    + . .        l - melded +0 chain mail
rPois   inf          (helmet currently unavailable)
rElec   .            (cloak currently unavailable)
rCorr   .            (gloves currently unavailable)
SInv    .            (boots currently unavailable)
Will    .....        m - amulet of reflection
Stlth   +            k - melded ring of see invisible
HPRegen 0.27/turn    b - melded ring of Idoes {rC- rN+ Str+5 Int+6}
MPRegen 0.10/turn

%: reflection
@: bat-form, flying, very quick
A: fast, flying, no casting, sickness immunity, AC +4, tiny, negative energy
resistance 1, (electricity resistance), torment resistance 1, petrification
resistance
a: no special abilities


You were on level 4 of the Dungeon.
You were a bat.
You visited 1 branch of the dungeon, and saw 4 of its levels.

You collected 146 gold pieces.


Innate Abilities, Weirdness & Mutations

You are a bat.
You are tiny and dextrous.
You move quickly.
You are flying.
Your equipment is almost entirely melded.
You are incapable of wielding weapons or throwing items.
You cannot cast spells.
You are immune to sickness and miasma.
((Your stone body is resilient. (AC +4)))
You are immune to poison.
You resist negative energy. (rN+)
((You are resistant to electric shocks. (rElec)))
You are resistant to unholy torment.
You are immune to petrification.


   Skills:
 - Level 4.0 Fighting
 + Level 6.1 Axes
 - Level 3.2 Armour
 - Level 1.2 Dodging
 - Level 3.2 Shields


You had 6 spell levels left.
You didn't know any spells.
Your spell library was empty.

Inventory:

Hand Weapons
 e - a +2 vampiric broad axe (melded)
 g - a +0 war axe
 j - a +0 mace
Armour
 c - a +0 buckler (melded)
 l - a +0 chain mail (melded)
Jewellery
 b - the ring of Idoes (melded) {rC- rN+ Str+5 Int+6}
   (You acquired it on level 3 of the Dungeon)

   [ring of intelligence]

   Str:       It affects your strength (+5).
   Int:       It affects your intelligence (+6).
   rC:        It makes you vulnerable to cold.
   rN:        It protects you from negative energy.
 k - a ring of see invisible (melded)
 m - an amulet of reflection (around neck)
Scrolls
 a - a scroll of identify
Potions
 d - 2 potions of might
 h - 2 potions of haste

Dungeon Overview and Level Annotations

Branches:
Dungeon (4/15)
 Temple: D:4-7

Altars:
Vehumet

Shops:
D:1 ([?[

Annotations:
D:1 2 transporters
D:4 Blork the orc


Message History

Blork the orc is lightly wounded.
Blork the orc hits you with a +0 halberd!!
You hit Blork the orc.
Blork the orc is lightly wounded.
Blork the orc closely misses you.
You hit Blork the orc but do no damage.
Blork the orc is lightly wounded.
Blork the orc closely misses you.
You hit Blork the orc.
Blork the orc is lightly wounded.
Blork the orc closely misses you.
You hit Blork the orc but do no damage.
Blork the orc is lightly wounded.
Blork the orc closely misses you.
You hit Blork the orc but do no damage.
Blork the orc is lightly wounded.
Blork the orc misses you.
You hit Blork the orc.
Blork the orc is moderately wounded.
Blork the orc screams, "I'll eat your brain!
And then I'll vomit it back up!"
Blork the orc misses you.
You completely miss Blork the orc.
Blork the orc is moderately wounded.
You barely miss Blork the orc.
Blork the orc is moderately wounded.
Blork the orc closely misses you.
You hit Blork the orc but do no damage.
Blork the orc is moderately wounded.
Blork the orc points at you and mumbles some strange words.
The magic dart hits you!
You barely miss Blork the orc.
Blork the orc is moderately wounded.
Blork the orc begins to cast a cantrip, but forgets the words!
You hit Blork the orc but do no damage.
Blork the orc is moderately wounded.
Blork the orc closely misses you.
You hit Blork the orc.
Blork the orc is moderately wounded.
Blork the orc hits you with a +0 halberd!
You die...

..##.. #..#.## #.....#
.. #.....##
...####?.....#..
...#...........#
.....##..o...#
........b###########
###..#.....##.....##
#............<....##.
....#........).........
.# #...[............##
#...%............#
####...[............#
.....................#
.........%...........#


You could see Blork the orc.

Vanquished Creatures
  Sigmund (D:4)
  A jelly (D:3)
  An iguana (D:4)
  Jessica (D:3)
  Terence (D:3)
  An orc wizard (D:3)
  8 adders
  3 worms
  2 dart slugs (D:3)
  9 orcs
  4 ball pythons
  7 bats
  5 endoplasms
  A giant cockroach (D:2)
  4 goblins
  3 hobgoblins
  6 quokkas
  3 frilled lizards
  6 kobolds
  2 rats (D:2)
69 creatures vanquished.

Notes
Turn   | Place    | Note
-------+----------+-------------------------------------------
     0 | D:1      | qw the Gargoyle Fighter began the quest for the Orb.
     0 | D:1      | Reached XP level 1. HP: 14/14 MP: 1/1
     0 | D:1      | 0 ||| qw: Version: 0.2-a-29-gc1b59c4
     0 | D:1      | 0 ||| qw: Game counter: 4132
     0 | D:1      | 0 ||| qw: Always use a shield: true
     0 | D:1      | 0 ||| qw: God list: Okawaru
     0 | D:1      | 0 ||| qw: Allow faded altars: false
     0 | D:1      | 0 ||| qw: Do Orc after D:15 true
     0 | D:1      | 0 ||| qw: Do second Lair branch before Depths: true
     0 | D:1      | 0 ||| qw: Lair rune preference: random
     0 | D:1      | 0 ||| qw: Plans: Normal, Zot:1-4, Slime:5, God:TSO, Crypt,
                  | Tomb, Abyss, Pan, Hells, Win
     0 | D:1      | 0 ||| PLANNING D:1-11
    74 | D:1      | Reached skill level 2 in Axes
   141 | D:1      | Found Jeem's Armour Shoppe.
   148 | D:1      | 148 ||| SHOPLISTING +0 chain mail (58 gold, have 11).
   148 | D:1      | 148 ||| SHOPLISTING +3 scale mail of willpower (338 gold,
                  | have 11).
   148 | D:1      | 148 ||| SHOPLISTING +8 chain mail of Muttered Phrases
                  | {Slay+2} (778 gold, have 11).
   148 | D:1      | 148 ||| SHOPLISTING quicksilver dragon scales (780 gold,
                  | have 11).
   264 | D:1      | Reached XP level 2. HP: 19/19 MP: 2/2
   303 | D:1      | Found a transporter.
   306 | D:1      | Found Pikhasopp's Magic Scroll Shoppe.
   548 | D:1      | Found a transporter.
   574 | D:1      | Found a faded altar of an unknown god.
   696 | D:1      | Found Qom Cydwu's Antique Weapon Shoppe.
   704 | D:1      | 704 ||| SHOPLISTING runed mace (126 gold, have 49).
   704 | D:1      | 704 ||| SHOPLISTING sapphire mace (168 gold, have 49).
   704 | D:1      | 704 ||| DROPPING +0 club.
   705 | D:1      | 705 ||| READING 2 scrolls labelled OPTUSHR KAYSOL.
   706 | D:1      | 706 ||| READING scroll labelled WOFFAE MIURYINA.
   722 | D:1      | 722 ||| Stepping ~*~*~tactically~*~*~ (stealth).
   766 | D:1      | Found Meikhloo's Antique Armour Shoppe.
   770 | D:1      | 770 ||| SHOPLISTING +2 shield of Resistance {rF++ rC++
                  | Will++} (1269 gold, have 49).
   770 | D:1      | 770 ||| SHOPLISTING cloak (81 gold, have 49).
   770 | D:1      | 770 ||| SHOPLISTING encrusted ice dragon scales (1170 gold,
                  | have 49).
   770 | D:1      | 770 ||| SHOPLISTING helmet (81 gold, have 49).
   770 | D:1      | 770 ||| SHOPLISTING pair of boots (81 gold, have 49).
   824 | D:2      | 824 ||| Stepping ~*~*~tactically~*~*~ (stealth).
   905 | D:2      | Reached skill level 3 in Axes
   905 | D:2      | Reached XP level 3. HP: 23/23 MP: 3/3
   908 | D:2      | 908 ||| Stepping ~*~*~tactically~*~*~ (stealth).
  1139 | D:2      | Reached XP level 4. HP: 18/28 MP: 4/4
  1194 | D:2      | Reached skill level 4 in Axes
  1506 | D:2      | 1506 ||| Stepping ~*~*~tactically~*~*~ (stealth).
  1640 | D:2      | 1640 ||| UPGRADING to ring of see invisible.
  1641 | D:2      | 1641 ||| READING scroll labelled HEDOLO WUEDAM.
  1644 | D:2      | 1644 ||| READING scroll labelled LUOREREZICI.
  1645 | D:2      | 1645 ||| READING 3 scrolls of identify.
  1645 | D:2      | 1645 ||| IDENTIFYING murky orange potion
  1646 | D:2      | 1646 ||| READING 2 scrolls of identify.
  1646 | D:2      | 1646 ||| IDENTIFYING red potion
  1647 | D:2      | 1647 ||| DROPPING potion of degeneration.
  1692 | D:3      | 1692 ||| Stepping ~*~*~tactically~*~*~ (stealth).
  1710 | D:3      | Reached XP level 5. HP: 14/32 MP: 5/5
  1876 | D:3      | Noticed Terence
  1889 | D:3      | Killed Terence
  1890 | D:3      | Reached skill level 5 in Axes
  2133 | D:3      | 2133 ||| Stepping ~*~*~tactically~*~*~ (stealth).
  2143 | D:3      | 2143 ||| FLEEEEING.
  2144 | D:3      | 2144 ||| FLEEEEING.
  2145 | D:3      | 2145 ||| FLEEEEING.
  2146 | D:3      | 2146 ||| FLEEEEING.
  2147 | D:3      | 2147 ||| FLEEEEING.
  2148 | D:3      | 2148 ||| FLEEEEING.
  2149 | D:3      | 2149 ||| FLEEEEING.
  2150 | D:3      | 2150 ||| FLEEEEING.
  2151 | D:3      | 2151 ||| FLEEEEING.
  2152 | D:3      | 2152 ||| FLEEEEING.
  2153 | D:3      | 2153 ||| FLEEEEING.
  2154 | D:3      | 2154 ||| FLEEEEING.
  2155 | D:3      | 2155 ||| FLEEEEING.
  2156 | D:3      | 2156 ||| FLEEEEING.
  2157 | D:3      | 2157 ||| FLEEEEING.
  2164 | D:3      | Reached XP level 6. HP: 36/38 MP: 6/6
  2245 | D:3      | Found a radiant altar of Vehumet.
  2324 | D:3      | Noticed Jessica
  2331 | D:3      | Killed Jessica
  2332 | D:3      | Reached skill level 1 in Dodging
  2422 | D:3      | 2422 ||| UPGRADING to +0 chain mail.
  2432 | D:3      | 2432 ||| DROPPING +0 scale mail.
  2433 | D:3      | 2433 ||| DROPPING scarf of invisibility.
  2434 | D:3      | 2434 ||| READING 3 scrolls labelled OFUPSY XYHOPS.
  2434 | D:3      | Identified 3 scrolls of acquirement
  2434 | D:3      | 2434 ||| ACQUIRING amulet of reflection
  2434 | D:3      | Acquired an amulet of reflection
  2435 | D:3      | 2435 ||| READING 2 scrolls of acquirement.
  2435 | D:3      | 2435 ||| ACQUIRING +2 vampiric broad axe
  2435 | D:3      | Acquired a +2 vampiric broad axe
  2436 | D:3      | 2436 ||| READING scroll of acquirement.
  2436 | D:3      | 2436 ||| ACQUIRING ring of Idoes {rC- rN+ Str+5 Int+6}
  2436 | D:3      | Acquired the ring of Idoes {rC- rN+ Str+5 Int+6}
  2438 | D:3      | 2438 ||| SWAPPING to +2 vampiric broad axe.
  2439 | D:3      | 2439 ||| UPGRADING to amulet of reflection.
  2444 | D:3      | 2444 ||| UPGRADING to ring of Idoes {rC- rN+ Str+5 Int+6}.
  2445 | D:3      | 2445 ||| READING scroll labelled WOMEIF WOO.
  2446 | D:3      | 2446 ||| READING scroll labelled UROMNAU OJEUCE.
  2447 | D:3      | 2447 ||| READING 3 scrolls of identify.
  2447 | D:3      | 2447 ||| IDENTIFYING inky potion
  2448 | D:3      | 2448 ||| READING 2 scrolls of identify.
  2448 | D:3      | 2448 ||| IDENTIFYING fizzy ruby potion
  2449 | D:3      | 2449 ||| DROPPING potion of brilliance.
  2459 | D:4      | 2459 ||| PLANNING SEWER
  2469 | D:4      | Noticed Sigmund
  2473 | D:4      | 2473 ||| DRINKING potion of curing.
  2473 | D:4      | 2473 ||| (to cure confusion)
  2480 | D:4      | Killed Sigmund
  2483 | D:4      | Reached skill level 6 in Axes
  2488 | D:4      | Reached XP level 7. HP: 37/43 MP: 7/7
  2489 | D:4      | 2489 ||| FLEEEEING.
  2490 | D:4      | 2490 ||| FLEEEEING.
  2491 | D:4      | 2491 ||| FLEEEEING.
  2492 | D:4      | 2492 ||| STAIRDANCE
  2528 | D:4      | Noticed Blork the orc
  2529 | D:4      | 2529 ||| Stepping ~*~*~tactically~*~*~ (hiding).
  2544 | D:4      | HP: 6/43 [Blork the orc/magic dart (7)]
  2547 | D:4      | Mangled by Blork the orc

Levels and vault maps discovered:
D:1:      lemuel_arrival_rhombus, layout_loops_ring,
          chequers_ecumenical_altar_grove, serial_glass, glass_columns_a,
          glass_columns_a, serial_shops, nicolae_shop_drivethru,
          nicolae_shop_tiny_glass, nicolae_shop_back_alley_shop, shop,
          chequers_serial_rivers_micro_e
D:2:      layout_basic, minmay_tetromino_o4
D:3:      layout_basic, fiery_altar_vehumet, uniq_terence, uniq_jessica
D:4:      layout_rooms, mainiacjoe_overflow_alcove_4, temple_green,
          gammafunk_ghost_smash, gup_sewer_entry_bubbles, minmay_joined_circles,
          uniq_blork_the_orc, uniq_sigmund, uniq_ijyb

Skill      XL: |  1  2  3  4  5  6 |
---------------+-------------------+-----
Axes           | 2 3 4 5 6 |  6.1
Fighting       | 4 |  4.0
Dodging        | 1 |  1.2
Armour         | |  3.2
Shields        | |  3.2

Action                     |  1- 3 |  4- 6 |  7- 9 || total
---------------------------+-------+-------+-------++-------
  Melee: War axe           |    74 |   122 |       ||   196
         Broad axe         |       |    14 |     1 ||    15
         Unarmed           |       |       |    15 ||    15
    Use: Scroll            |     2 |    11 |       ||    13
         Potion            |       |     1 |       ||     1
 Armour: Scale mail        |    32 |    58 |       ||    90
         Chain mail        |       |     5 |     1 ||     6
  Dodge: Dodged            |    35 |    56 |    10 ||   101
  Block: Buckler           |     9 |    24 |     1 ||    34

Table legend:
 A = Non-vault XP
 B = Vault XP
 C = Vault XP percentage of total XP
 D = Non-vault monster count
 E = Vault monster count
 F = Vault count percentage of total count
                 A         B        C        D         E       F
            +---------+---------+-------+---------+---------+-------
      Total |     336 |     292 |  46.5 |      63 |       6 |   8.7
            +---------+---------+-------+---------+---------+-------
        D:1 |      22 |       0 |   0.0 |      14 |       0 |   0.0
        D:2 |     103 |       5 |   4.6 |      21 |       3 |  12.5
        D:3 |     164 |      73 |  30.8 |      23 |       2 |   8.0
        D:4 |      47 |     214 |  82.0 |       5 |       1 |  16.7
            +---------+---------+-------+---------+---------+-------
